[Event "Titled Tuesday Blitz January 17 Early 2023"]
[White "Wilson, Elvin"]
[Black "Sielecki, Christof"]
[WhiteFideId "2014874"]
[BlackFideId "4620437"]
[WhiteElo "2183"]
[BlackElo "2419"]
[Result "0-1"]
[Round "02"]
[TimeControl "180+2"]
[Date "2023.01.17"]
[WhiteClock "0:00:03"]
[BlackClock "0:00:19"]

1. c4 e6 2. g3 d5 3. Bg2 Nf6 4. Nf3 dxc4 5. Qa4+ Bd7 6. Qxc4 c5 7. Qc2 Nc6 8. O-O Be7 9. Nc3 O-O 10. Rd1 Rc8 11. Ne4 Nb4 12. Nxf6+ Bxf6 13. Qb1 Ba4 14. b3 Bxa1 15. Qxa1 Bc6 16. Bb2 f6 17. Qb1 e5 18. a3 Nd5 19. e3 Re8 20. Nh4 Ne7 21. Nf3 Qd7 22. d3 Rcd8 23. Qc2 b6 24. b4 Qb7 25. e4 cxb4 26. axb4 Ng6 27. b5 Bd7 28. d4 Bg4 29. d5 Nf8 30. Qc6 Qb8 31. Qc4 Nd7 32. Ra1 Nc5 33. Qa2 Re7 34. Nd2 Red7 35. f3 Bh5 36. Bf1 Bf7 37. Ba3 Rc8 38. Qb2 Kh8 39. Rc1 Rdc7 40. Re1 Na4 41. Qb4 Nc5 42. Qb1 h6 43. Bb2 Nd7 44. Ba1 Rc2 45. Nb3 Qc7 46. Qd1 Ra2 47. Re2 Rxe2 48. Bxe2 Qc2 49. f4 Qxe4 50. fxe5 Bxd5 0-1


[Site "https://www.chess.com"]

[Event "Titled Tuesday Blitz January 17 Early 2023"]
[White "Jiganchine, Roman"]
[Black "Yelisieiev, Yevhenii"]
[WhiteFideId "2603667"]
[BlackFideId "14139642"]
[WhiteElo "2205"]
[BlackElo "2418"]
[Result "0-1"]
[Round "02"]
[TimeControl "180+2"]
[Date "2023.01.17"]
[WhiteClock "0:00:33"]
[BlackClock "0:00:17"]

1. e4 d6 2. d4 Nf6 3. Nc3 e5 4. Nge2 c6 5. g3 b5 6. Bg2 Bb7 7. O-O Be7 8. h3 O-O 9. Be3 a5 10. d5 cxd5 11. Nxd5 Nxd5 12. exd5 f5 13. f4 e4 14. Nd4 Qc8 15. Ne6 Rf7 16. Bd4 Qc4 17. b3 Qxd5 18. Nc7 Qc6 19. Nxa8 Bxa8 20. c4 bxc4 21. Rc1 d5 22. bxc4 dxc4 23. Qc2 Ba3 24. Qxc4 Bxc1 25. Rxc1 Qxc4 26. Rxc4 Nc6 27. Bc5 Rb7 28. g4 g6 29. h4 Rb1+ 30. Kh2 Rb2 31. a3 Bb7 32. Bd6 Kf7 33. h5 Ke6 34. Bc7 Kd5 35. Rc1 Nd4 36. Rd1 Kc4 37. Kh3 fxg4+ 38. Kg3 Nf5+ 39. Kh2 e3 40. Rc1+ Kb3 0-1


[Site "https://www.chess.com"]

[Event "Titled Tuesday Blitz January 17 Early 2023"]
[White "Le Ruyet, Leopold"]
[Black "Fathy, Elameir"]
[WhiteFideId "645923"]
[BlackFideId "10600396"]
[WhiteElo "2245"]
[BlackElo "2300"]
[Result "1-0"]
[Round "02"]
[TimeControl "180+2"]
[Date "2023.01.17"]
[WhiteClock "0:00:02"]
[BlackClock "0:00:02"]

1. e4 c5 2. Nc3 d6 3. f4 g6 4. Nf3 Bg7 5. Bb5+ Bd7 6. Bc4 Nc6 7. O-O e6 8. f5 gxf5 9. d3 Nge7 10. Bg5 f6 11. Nh4 O-O 12. Bf4 Ne5 13. Bb3 fxe4 14. Nxe4 Qc7 15. Qd2 d5 16. Nc3 N7g6 17. Nxg6 hxg6 18. Rae1 b5 19. Nxd5 exd5 20. Bxd5+ Kh7 21. Qf2 g5 22. Bxe5 fxe5 23. Qe2 Rxf1+ 24. Rxf1 Be8 25. Bxa8 c4 26. Be4+ Kh8 27. Qe3 Kg8 28. Bd5+ Bf7 29. Bxf7+ Kh8 30. Qh3+ 1-0


[Site "https://www.chess.com"]

[Event "Titled Tuesday Blitz January 17 Early 2023"]
[White "Rian, Kapriaga"]
[Black "Melian, Juan Sebastian"]
[WhiteFideId "7103263"]
[BlackFideId "3706575"]
[WhiteElo "2089"]
[BlackElo "2293"]
[Result "1-0"]
[Round "02"]
[TimeControl "180+2"]
[Date "2023.01.17"]
[WhiteClock "0:00:16"]
[BlackClock "0:00:01"]

1. d4 g6 2. Nf3 Bg7 3. Bf4 d6 4. e3 Nd7 5. h3 e5 6. Bh2 Qe7 7. Be2 Ngf6 8. O-O O-O 9. c4 Re8 10. Nc3 h5 11. Re1 c6 12. b4 e4 13. Nd2 d5 14. b5 dxc4 15. bxc6 bxc6 16. Nxc4 Nb6 17. Nd6 Rd8 18. Nxc8 Raxc8 19. Na4 Nfd5 20. Ba6 Ra8 21. Nc5 Nb4 22. Bb7 Nd3 23. Bxa8 Nxe1 24. Bxc6 Nd3 25. Nxd3 exd3 26. Qxd3 Qb4 27. Rc1 h4 28. Be4 Rc8 29. Rb1 Qa5 30. Qb3 Qd2 31. Bf4 1-0


[Site "https://www.chess.com"]

[Event "Titled Tuesday Blitz January 17 Early 2023"]
[White "Bove, Alessandro"]
[Black "Florescu, Codrut-Constantin"]
[WhiteFideId "814121"]
[BlackFideId "1202200"]
[WhiteElo "2311"]
[BlackElo "2259"]
[Result "0-1"]
[Round "02"]
[TimeControl "180+2"]
[Date "2023.01.17"]
[WhiteClock "0:01:13"]
[BlackClock "0:00:47"]

1. d4 Nf6 2. Nf3 e6 3. Bg5 h6 4. Bh4 d5 5. e3 c5 6. Bd3 Nc6 7. c3 Bd7 8. Qe2 Bd6 9. Nbd2 Qb6 10. O-O-O cxd4 11. exd4 Nh5 12. Bg3 Nf4 13. Bxf4 Bxf4 14. Kb1 O-O 15. h4 Rac8 16. g4 Rfe8 17. g5 h5 18. Ne5 Nxe5 19. dxe5 Bxd2 20. Rxd2 g6 21. f4 Rxc3 22. Rc2 Rxc2 23. Bxc2 Bb5 24. Qf3 Rc8 25. Rc1 Qc5 26. a3 Ba4 27. b3 Bb5 28. Ka2 a5 29. a4 Be8 30. Qh3 b5 31. axb5 Bxb5 32. f5 exf5 33. Bxf5 Qf2+ 34. Ka3 Rxc1 35. Bxg6 Ra1# 0-1


[Site "https://www.chess.com"]

[Event "Titled Tuesday Blitz January 17 Early 2023"]
[White "Renjith, Sravan"]
[Black "Levitan, Caleb Levi"]
[WhiteFideId "4306783"]
[BlackFideId "14332620"]
[WhiteElo "2172"]
[BlackElo "2129"]
[Result "1-0"]
[Round "02"]
[TimeControl "180+2"]
[Date "2023.01.17"]
[WhiteClock "0:00:11"]
[BlackClock "0:00:02"]

1. d4 Nf6 2. c4 e6 3. Nf3 d5 4. g3 dxc4 5. Bg2 Bb4+ 6. Nbd2 c5 7. O-O O-O 8. Nxc4 Nc6 9. a3 Ba5 10. dxc5 Bc7 11. b4 Qd5 12. Qc2 Qh5 13. Bb2 e5 14. b5 Bf5 15. Qc1 Nd4 16. Nxd4 exd4 17. Bxd4 Ng4 18. h3 Nh6 19. e4 Bxh3 20. Bxh3 Qxh3 21. Qg5 f6 22. Qh4 Qd7 23. Be3 Nf7 24. a4 Qe6 25. Rac1 Ne5 26. Nxe5 fxe5 27. c6 bxc6 28. Rxc6 Qf7 29. Rfc1 Bd8 30. Qg4 Bf6 31. Rc7 Qa2 32. R1c4 Qb1+ 33. Kg2 Rad8 34. Rc1 Qd3 35. Rxa7 Be7 36. Rxe7 Rd4 37. Rxg7+ Kh8 38. Rxh7+ Kxh7 39. Rh1# 1-0


[Site "https://www.chess.com"]

[Event "Titled Tuesday Blitz January 17 Early 2023"]
[White "Carrasco Miranda, Andres"]
[Black "Berezin, Viktor"]
[WhiteFideId "3405990"]
[BlackFideId "14107872"]
[WhiteElo "2240"]
[BlackElo "2307"]
[Result "1-0"]
[Round "02"]
[TimeControl "180+2"]
[Date "2023.01.17"]
[WhiteClock "0:01:10"]
[BlackClock "0:00:42"]

1. d4 Nf6 2. c4 g6 3. g3 Bg7 4. Bg2 O-O 5. Nc3 d6 6. Nf3 Nc6 7. O-O a6 8. Bf4 Rb8 9. Rc1 h6 10. h3 Nh5 11. Be3 e5 12. dxe5 Nxe5 13. b3 Nxf3+ 14. exf3 f5 15. f4 Nf6 16. Re1 Kh7 17. Ba7 Ra8 18. Bd4 Rb8 19. Ba7 Ra8 20. Bd4 c6 21. Na4 Rb8 22. Bb6 Qd7 23. Ba7 Qc7 24. Bxb8 Qxb8 25. Re7 Kg8 26. Nb6 Ne4 27. Bxe4 fxe4 28. Nxc8 Rxc8 29. Rxe4 Qc7 30. Qe2 Qd7 31. Kh2 Rc7 32. Re8+ Kh7 33. Re1 Qf5 34. Qe6 Qxe6 35. R1xe6 d5 36. R8e7 Rc8 37. Re8 Rc7 38. R6e7 Rxe7 39. Rxe7 b5 40. cxd5 cxd5 41. Rd7 d4 42. Kg2 Kg8 43. Kf3 Kf8 44. Ke4 Bf6 45. g4 Ke8 46. Rd6 Ke7 47. Rxa6 h5 48. gxh5 gxh5 49. Rxf6 Kxf6 50. Kxd4 Kf5 51. Ke3 b4 52. Kf3 h4 53. Ke3 Kf6 54. Ke4 Ke6 55. f5+ Kf6 56. Kf4 1-0


[Site "https://www.chess.com"]

[Event "Titled Tuesday Blitz January 17 Early 2023"]
[White "Iljin, Timofey"]
[Black "Ruiz Aguilar, Pablo Alexander"]
[WhiteFideId "14110180"]
[BlackFideId "4401352"]
[WhiteElo "2329"]
[BlackElo "2161"]
[Result "0-1"]
[Round "02"]
[TimeControl "180+2"]
[Date "2023.01.17"]
[WhiteClock "0:00:02"]
[BlackClock "0:00:49"]

1. e4 c5 2. c3 d5 3. exd5 Qxd5 4. d4 Nf6 5. Nf3 Nc6 6. Be3 cxd4 7. cxd4 e6 8. Nc3 Qd6 9. Be2 Ke7 10. O-O Ke8 11. Qd2 a6 12. Bf4 Qd8 13. Rfe1 Bd6 14. Rad1 Bxf4 15. Qxf4 Nd5 16. Qg3 Kf8 17. Ne4 h5 18. h4 Rh6 19. Ne5 Bd7 20. Nd6 Nxe5 21. dxe5 Bc6 22. Qb3 Qe7 23. Bf3 Kg8 24. Nf5 exf5 25. Bxd5 Bxd5 26. Qxd5 Re6 27. Rd3 Re8 28. Rde3 b5 29. g3 g6 30. Kg2 f4 31. Re4 fxg3 32. fxg3 Rd8 33. Qb3 Rd2+ 34. Kh3 Qb7 35. Qc3 Rf2 36. Qd4 Rc2 37. Rf1 Kg7 38. g4 Rc4 39. Qd3 Rxe4 40. gxh5 Rxh4+ 41. Kxh4 Rxe5 42. hxg6 Qe4+ 43. Qxe4 Rxe4+ 44. Kg5 fxg6 45. Rc1 Re5+ 46. Kf4 Kf6 47. Rc8 Re6 48. Rf8+ Kg7 49. Ra8 Rc6 50. b3 Kf6 51. Rf8+ Ke6 52. Rg8 Kd5 53. Rd8+ Kc5 54. Ke3 Kb4 55. Kd2 Ka3 56. Ra8 Kxa2 57. b4 Kb3 58. Rc8 Rxc8 0-1


[Site "https://www.chess.com"]

[Event "Titled Tuesday Blitz January 17 Early 2023"]
[White "Parpiev, Isaak"]
[Black "Kaminski, Victor"]
[WhiteFideId "34281576"]
[BlackFideId "1131630"]
[WhiteElo "2167"]
[BlackElo "2247"]
[Result "1-0"]
[Round "02"]
[TimeControl "180+2"]
[Date "2023.01.17"]
[WhiteClock "0:00:26"]
[BlackClock "0:00:04"]

1. Nf3 Nf6 2. g3 g6 3. Bg2 Bg7 4. O-O O-O 5. d3 d5 6. Nbd2 c5 7. e4 Nc6 8. Re1 Bg4 9. h3 Bxf3 10. Bxf3 e6 11. Bg2 Rc8 12. c3 Qc7 13. Qe2 Rfd8 14. Nf3 c4 15. dxc4 Nxe4 16. cxd5 exd5 17. Bf4 Qb6 18. Ng5 Nxg5 19. Bxg5 Rd7 20. Rad1 h6 21. Qg4 f5 22. Qh4 hxg5 23. Qxg5 Ne5 24. Rxd5 Rxd5 25. Bxd5+ Kh7 26. Qh4+ Bh6 27. Rxe5 Rc7 28. Re7+ Rxe7 29. Qxe7+ Bg7 30. Qxb7 Qc5 31. Qa8 Qe7 32. Bg8+ Kh6 33. Qf3 Qe1+ 34. Kg2 Qd2 35. Qe3+ Qxe3 36. fxe3 Be5 37. Kf3 Kg5 38. Bf7 Kf6 39. Be8 g5 40. g4 fxg4+ 41. hxg4 a5 42. Ke4 Bd6 43. Kd5 Be7 44. c4 Bb4 45. a3 Bd2 46. e4 Bf4 47. b4 Ke7 48. Bc6 axb4 49. axb4 Bd6 50. c5 Bf4 51. e5 1-0


[Site "https://www.chess.com"]

[Event "Titled Tuesday Blitz January 17 Early 2023"]
[White "Kalajzic, Ivan"]
[Black "Biastoch, Bennet"]
[WhiteFideId "14506378"]
[BlackFideId "12939889"]
[WhiteElo "2062"]
[BlackElo "2257"]
[Result "1/2-1/2"]
[Round "02"]
[TimeControl "180+2"]
[Date "2023.01.17"]
[WhiteClock "0:00:04"]
[BlackClock "0:00:59"]

1. b3 e5 2. Bb2 d6 3. e3 Nf6 4. d4 exd4 5. Qxd4 Nc6 6. Bb5 Bd7 7. Bxc6 Bxc6 8. Nf3 Be7 9. c4 Qd7 10. h3 a5 11. Nc3 b6 12. O-O-O O-O-O 13. e4 Ne8 14. Nd5 Bxd5 15. Qxd5 c6 16. Qxf7 Rf8 17. Qh5 Nf6 18. Qf5 Qxf5 19. exf5 Ne4 20. Rhe1 d5 21. cxd5 cxd5 22. Re2 Rxf5 23. Rc2+ Kb7 24. Bxg7 Rg8 25. Be5 Bc5 26. Rxd5 Rxg2 27. Nh4 Ba3+ 28. Kd1 Nxf2+ 29. Ke2 Rgg5 30. Nxf5 Rxf5 31. Rc7+ Ka6 32. Rcd7 Ne4 33. Ke3 Nc5 34. Rd8 Ne6 35. R8d6 Bxd6 36. Ke4 Bxe5 37. Kxf5 Nf4 38. Rxe5 Nxh3 39. a4 h6 40. Re7 Ng5 41. Kg6 Nf3 42. Kxh6 Nd4 43. Re3 b5 44. Kg6 bxa4 45. bxa4 Kb6 46. Kf6 Kc5 47. Ke5 Nc6+ 48. Ke4 Kb4 49. Kd5 Na7 50. Re4+ Kb3 51. Kc5 Nc8 52. Re8 Na7 53. Kb6 Kxa4 54. Kxa7 Kb3 55. Rb8+ Kc3 56. Rc8+ Kb3 57. Kb6 a4 58. Kc5 a3 59. Rb8+ Kc2 60. Ra8 Kb2 61. Rb8+ Kc2 62. Ra8 Kb2 63. Rxa3 Kxa3 1/2-1/2


[Site "https://www.chess.com"]

[Event "Titled Tuesday Blitz January 17 Early 2023"]
[White "Khamdamova, Afruza"]
[Black "Mihailidis, Anastasios"]
[WhiteFideId "14210444"]
[BlackFideId "4205588"]
[WhiteElo "2162"]
[BlackElo "2208"]
[Result "1-0"]
[Round "02"]
[TimeControl "180+2"]
[Date "2023.01.17"]
[WhiteClock "0:00:10"]
[BlackClock "0:00:13"]

1. e4 c5 2. Nf3 d6 3. d4 cxd4 4. Nxd4 Nf6 5. Nc3 g6 6. Be3 Bg7 7. f3 O-O 8. Qd2 Nc6 9. O-O-O d5 10. exd5 Nxd5 11. Nxc6 bxc6 12. Bd4 Nxc3 13. Qxc3 Bh6+ 14. Kb1 e5 15. Qxc6 Bf5 16. Bd3 Bxd3 17. Rxd3 exd4 18. h4 Qb6 19. Qe4 Rfe8 20. Qg4 Qe6 21. Qg3 Qe5 22. Qh3 Re6 23. h5 g5 24. g3 Rae8 25. a3 Bg7 26. Qg4 h6 27. f4 Qd5 28. Rhd1 f5 29. Qh3 g4 30. Qf1 Re2 31. Rc1 Qg2 32. Qd1 Rc8 33. Rb3 Rc7 34. Rb8+ Kh7 35. Qd3 Rf7 36. Qb3 Qe4 37. Qxf7 Qe6 38. Rb7 Qxf7 39. Rxf7 Re3 40. Rg1 a5 41. Ra7 d3 42. cxd3 Re2 43. Rb7 Kg8 44. Rc1 Bd4 45. Rc8+ 1-0


[Site "https://www.chess.com"]

[Event "Titled Tuesday Blitz January 17 Early 2023"]
[White "Ovezdurdyyeva, Jemal"]
[Black "Kvaloy, Aksel Bu"]
[WhiteFideId "14001888"]
[BlackFideId "1528815"]
[WhiteElo "2078"]
[BlackElo "2321"]
[Result "1-0"]
[Round "02"]
[TimeControl "180+2"]
[Date "2023.01.17"]
[WhiteClock "0:01:17"]
[BlackClock "0:01:04"]

1. e4 e5 2. Nf3 Nf6 3. Nxe5 Nc6 4. Nf3 Nxe4 5. Nc3 Nxc3 6. dxc3 d5 7. Bd3 Bg4 8. Be3 Ne5 9. Be2 Nxf3+ 10. gxf3 Be6 11. Qd2 c6 12. O-O-O Be7 13. Rhg1 Bf6 14. Bd4 Qe7 15. f4 O-O-O 16. Bd3 c5 17. Be5 Bxe5 18. fxe5 Kb8 19. f4 f5 20. exf6 Qxf6 21. f5 Bf7 22. Qf2 Rc8 23. Qg3+ Ka8 24. Qxg7 Qxg7 25. Rxg7 Rcf8 26. f6 c4 27. Bxh7 Be6 28. Rf1 Kb8 29. f7 Kc8 30. Rg8 Rhxg8 31. fxg8=Q Rxg8 32. Bxg8 Bxg8 33. Rf8+ Kc7 34. Rxg8 Kc6 35. h4 Kc5 36. h5 b6 37. h6 d4 38. cxd4+ Kb4 39. h7 b5 40. h8=Q c3 41. bxc3+ Ka3 42. Qg7 a5 43. Qe7+ b4 44. cxb4 a4 45. Rg3+ Kxa2 46. Qe6+ Ka1 47. Ra3# 1-0


[Site "https://www.chess.com"]

[Event "Titled Tuesday Blitz January 17 Early 2023"]
[White "Xie, Bryan"]
[Black "Cella, Glaucio Dalla Cortt"]
[WhiteFideId "30941296"]
[BlackFideId "2119455"]
[WhiteElo "2361"]
[BlackElo "1894"]
[Result "0-1"]
[Round "02"]
[TimeControl "180+2"]
[Date "2023.01.17"]
[WhiteClock "0:00:02"]
[BlackClock "0:00:32"]

1. e4 c5 2. Nf3 e6 3. d4 cxd4 4. Nxd4 Nf6 5. Nc3 Bb4 6. Bd3 Nc6 7. Nxc6 bxc6 8. Bd2 d5 9. exd5 cxd5 10. O-O O-O 11. Ne2 Bxd2 12. Qxd2 e5 13. c3 e4 14. Bc2 Ba6 15. Rfd1 h5 16. Nf4 Qd7 17. Nxd5 Nxd5 18. Qxd5 Qxd5 19. Rxd5 f5 20. Rad1 Bc4 21. Ra5 Rad8 22. Rxa7 Rxd1+ 23. Bxd1 Rd8 24. Bxh5 g6 25. g4 gxh5 26. gxf5 h4 27. Kg2 Rd3 28. h3 Rd2 29. Ra4 Bd3 30. b3 e3 31. Rf4 e2 32. Rg4+ Kf7 33. Rxh4 e1=Q 34. Rh7+ Kg8 0-1


[Site "https://www.chess.com"]

[Event "Titled Tuesday Blitz January 17 Early 2023"]
[White "Bosnjak, Petar"]
[Black "Matveeva, Olga"]
[WhiteFideId "14532581"]
[BlackFideId "24107018"]
[WhiteElo "2337"]
[BlackElo "2128"]
[Result "1-0"]
[Round "02"]
[TimeControl "180+2"]
[Date "2023.01.17"]
[WhiteClock "0:00:36"]
[BlackClock "0:00:02"]

1. d4 d5 2. c3 e6 3. Bf4 Nf6 4. e3 c5 5. Bd3 Nc6 6. Nd2 Bd6 7. Bg5 O-O 8. f4 h6 9. Bh4 Be7 10. Ngf3 b6 11. O-O Bb7 12. Ne5 cxd4 13. exd4 Ne4 14. Bxe7 Nxe7 15. Qe2 f5 16. g4 Qe8 17. Rae1 Rc8 18. Kh1 Nc6 19. Nxe4 dxe4 20. Bb5 a6 21. Bxc6 Bxc6 22. h3 Bd5 23. a3 b5 24. Qe3 a5 25. Rg1 b4 26. axb4 axb4 27. g5 h5 28. Qe2 bxc3 29. g6 e3+ 30. Kh2 cxb2 31. Qxh5 Rc2+ 32. Kg3 Rf6 33. Qh7+ Kf8 34. Qh8+ Ke7 35. Qxg7+ Kd6 36. Qxf6 e2 37. Nf7+ Kc7 38. Qe5+ Kb6 39. Qd6+ Kb5 40. Ne5 Rc3+ 41. Kf2 Rc2 42. Rg3 1-0


[Site "https://www.chess.com"]

[Event "Titled Tuesday Blitz January 17 Early 2023"]
[White "Jimenez Almeida, Luis David"]
[Black "Nugumanov, Bakhtiyar"]
[WhiteFideId "22242244"]
[BlackFideId "13701797"]
[WhiteElo "2242"]
[BlackElo "2316"]
[Result "1-0"]
[Round "02"]
[TimeControl "180+2"]
[Date "2023.01.17"]
[WhiteClock "0:00:56"]
[BlackClock "0:00:02"]

1. e4 d6 2. d4 Nf6 3. Nc3 e5 4. Nge2 exd4 5. Nxd4 Be7 6. Bf4 O-O 7. Qd2 d5 8. e5 Nh5 9. Bg3 c5 10. Nb3 d4 11. Ne4 Qd5 12. f3 Nxg3 13. hxg3 Bf5 14. O-O-O Nc6 15. Kb1 a5 16. c4 Qxe5 17. Bd3 Nb4 18. g4 Nxd3 19. gxf5 Nb4 20. g4 a4 21. Nc1 b5 22. a3 bxc4 23. axb4 Rfb8 24. f6 Bxf6 25. g5 c3 26. Qh2 Qxh2 27. Rxh2 Be7 28. bxc5 a3 29. b3 Rb5 30. Rdh1 Bxc5 31. Ka2 h6 32. gxh6 gxh6 33. Rxh6 Rab8 34. Nxc5 1-0


[Site "https://www.chess.com"]

[Event "Titled Tuesday Blitz January 17 Early 2023"]
[White "Buksa, Nataliya"]
[Black "Petrova, Irina"]
[WhiteFideId "14123622"]
[BlackFideId "14124122"]
[WhiteElo "2406"]
[BlackElo "2108"]
[Result "0-1"]
[Round "02"]
[TimeControl "180+2"]
[Date "2023.01.17"]
[WhiteClock "0:00:08"]
[BlackClock "0:00:17"]

1. d4 d6 2. Nc3 g6 3. e4 Bg7 4. f4 a6 5. Nf3 b5 6. Bd3 Nd7 7. e5 c5 8. exd6 cxd4 9. Ne4 Ngf6 10. O-O O-O 11. Re1 Bb7 12. Nxd4 Nxe4 13. Bxe4 Bxe4 14. Rxe4 exd6 15. c3 Nc5 16. Re1 Re8 17. Be3 Qc7 18. Kh1 Re7 19. Bf2 Rae8 20. Rxe7 Rxe7 21. Qf3 Ne4 22. Bh4 Re8 23. Rd1 f5 24. Bf2 Qc4 25. a3 Nxf2+ 26. Qxf2 Bxd4 27. cxd4 Qe2 28. Qxe2 Rxe2 29. h3 Rxb2 30. Rc1 Kf7 31. Rc6 Ke6 32. Rxa6 Kd5 33. Kh2 Ra2 34. Kg3 b4 35. Ra5+ Kxd4 36. axb4 Rxa5 37. bxa5 Kc5 38. Kf3 Kb5 39. Ke3 Kxa5 40. Kd4 Kb6 41. Kd5 Kc7 42. g3 Kd7 43. g4 fxg4 44. hxg4 Ke7 45. g5 Kd7 46. Kd4 Ke6 47. Ke4 d5+ 48. Kd4 Kf5 49. Ke3 d4+ 50. Kxd4 Kxf4 51. Kd3 Kxg5 52. Ke4 Kg4 53. Ke3 h5 54. Kf2 g5 55. Kg2 Kf4 0-1


[Site "https://www.chess.com"]

[Event "Titled Tuesday Blitz January 17 Early 2023"]
[White "Houska, Jovanka"]
[Black "Danielyan, Vahe"]
[WhiteFideId "405094"]
[BlackFideId "13304828"]
[WhiteElo "2338"]
[BlackElo "2346"]
[Result "0-1"]
[Round "02"]
[TimeControl "180+2"]
[Date "2023.01.17"]
[WhiteClock "0:00:08"]
[BlackClock "0:01:12"]

1. d4 Nf6 2. Nf3 g6 3. g3 Bg7 4. Bg2 O-O 5. O-O Nc6 6. b3 d6 7. Bb2 Bf5 8. Nbd2 Ne4 9. c4 Nxd2 10. Qxd2 e5 11. dxe5 dxe5 12. Rfd1 Qe7 13. e3 Rad8 14. Qe2 Bg4 15. h3 Bc8 16. Nd2 h5 17. Ne4 h4 18. g4 f5 19. gxf5 gxf5 20. Nc3 Qg5 21. Kh1 Rxd1+ 22. Rxd1 f4 23. exf4 Qxf4 24. Bd5+ Kh8 25. Qh5+ Qh6 26. Qxh6+ Bxh6 27. Ne4 Bf4 28. Rd3 Bf5 29. Rf3 Kh7 30. Nc5 Ne7 31. Ne6 Bxe6 32. Bxe6 Rd8 33. Kg2 Rd2 34. Bc3 Rxa2 35. Rd3 Kg6 36. Rd7 Kf6 37. Bg4 Nf5 38. Bxf5 Kxf5 39. Rxc7 b6 40. Rf7+ Ke4 41. b4 Rc2 42. Be1 Rxc4 43. Rxa7 Rc1 44. f3+ Ke3 45. Bf2+ Ke2 46. Ra2+ Kd3 47. Bxh4 Rb1 48. Bf2 Rxb4 49. Ra3+ Kc4 50. Ra6 b5 51. Rc6+ Kd3 52. h4 Rb2 53. Rd6+ Kc4 54. Rd1 Be3 55. Rf1 b4 56. h5 b3 57. Kg3 Bxf2+ 58. Rxf2 Rxf2 59. Kxf2 b2 60. h6 b1=Q 61. h7 Qxh7 62. Kg3 Qf5 0-1


[Site "https://www.chess.com"]

[Event "Titled Tuesday Blitz January 17 Early 2023"]
[White "Mrudul Dehankar"]
[Black "Goltseva, Ekaterina"]
[WhiteFideId "25096990"]
[BlackFideId "24173770"]
[WhiteElo "2030"]
[BlackElo "2283"]
[Result "1-0"]
[Round "02"]
[TimeControl "180+2"]
[Date "2023.01.17"]
[WhiteClock "0:00:10"]
[BlackClock "0:00:03"]

1. e4 e5 2. Nf3 Nc6 3. d4 exd4 4. Nxd4 Bc5 5. Nb3 Bb6 6. Nc3 Nf6 7. Bg5 h6 8. Bh4 Qe7 9. a4 g5 10. Bg3 Nxe4 11. Nd5 Qe6 12. Be2 Nxg3 13. hxg3 a5 14. Qd2 d6 15. O-O-O Bd7 16. Bg4 Qg6 17. Rde1+ Ne5 18. Bh5 Qg7 19. f4 O-O-O 20. Nxb6+ cxb6 21. fxe5 Bxa4 22. Qc3+ Kb8 23. exd6 Qxc3 24. bxc3 Rxd6 25. Bxf7 Rc6 26. Kb2 b5 27. Bd5 Rd6 28. Bf3 b4 29. cxb4 axb4 30. Nc5 Bc6 31. Re7 Bxf3 32. gxf3 b6 33. Na6+ Kc8 34. Rc7+ Kd8 35. Ra7 Ke8 36. Ra8+ Rd8 37. Re1+ Kd7 38. Ra7+ Kc6 39. Nxb4+ Kb5 40. Kb3 Rd4 41. Re5+ 1-0


[Site "https://www.chess.com"]

[Event "Titled Tuesday Blitz January 17 Early 2023"]
[White "Real_taiatai"]
[Black "Sai Han Thiha"]
[BlackFideId "13012290"]
[WhiteElo "2315"]
[BlackElo "2070"]
[Result "0-1"]
[Round "02"]
[TimeControl "180+2"]
[Date "2023.01.17"]
[WhiteClock "0:00:19"]
[BlackClock "0:00:07"]

1. d4 Nf6 2. c4 e6 3. g3 Bb4+ 4. Nd2 d5 5. Bg2 O-O 6. Nf3 Re8 7. O-O Bf8 8. b3 b6 9. Qc2 Bb7 10. Bb2 Nbd7 11. Rfd1 c5 12. cxd5 exd5 13. e3 Rc8 14. Qf5 g6 15. Qd3 Ne4 16. Rac1 Bg7 17. Ne1 Qe7 18. dxc5 Bxb2 19. c6 Bxc6 20. Rxc6 Rxc6 21. Qxd5 Rd6 22. Nxe4 Rxd5 23. Rxd5 Nf6 24. Nxf6+ Qxf6 25. Nd3 Rd8 26. Rxd8+ Qxd8 27. Nxb2 Qd2 28. Nc4 Qxa2 29. Ne5 Qxb3 30. h4 a5 31. Bf1 b5 32. Nc6 Qa4 33. Nd4 b4 34. Bc4 Kg7 35. Bb3 Qa1+ 36. Kg2 a4 37. Bd5 b3 38. Nxb3 axb3 39. Bxb3 Qa8+ 40. Kh2 Qf3 41. Kg1 Kf6 42. Bc4 h6 43. Bf1 Qd1 44. Kg2 Ke5 45. Kg1 f5 46. Kg2 g5 47. hxg5 hxg5 48. Bb5 Qd5+ 49. f3 Qxb5 50. Kh3 Qf1+ 51. Kh2 Qf2+ 52. Kh3 Qg1 53. e4 Qh1# 0-1


[Site "https://www.chess.com"]

[Event "Titled Tuesday Blitz January 17 Early 2023"]
[White "Lehtosaari, Mauri"]
[Black "Vasques, Antonio Pedro Freixial"]
[WhiteFideId "501999"]
[BlackFideId "1908332"]
[WhiteElo "2176"]
[BlackElo "2214"]
[Result "0-1"]
[Round "02"]
[TimeControl "180+2"]
[Date "2023.01.17"]
[WhiteClock "0:00:15"]
[BlackClock "0:00:46"]

1. Nf3 Nf6 2. c4 g6 3. Nc3 Bg7 4. e4 d6 5. d4 O-O 6. Be2 e5 7. dxe5 dxe5 8. Qxd8 Rxd8 9. Bg5 Re8 10. Nd5 Nxd5 11. cxd5 c6 12. Bc4 cxd5 13. Bxd5 Nc6 14. O-O-O Bg4 15. Be3 Bxf3 16. gxf3 Nd4 17. Bxd4 exd4 18. Kc2 Rac8+ 19. Kd3 b6 20. Rc1 Be5 21. h3 Kg7 22. Rc6 Rxc6 23. Bxc6 Rc8 24. Bd5 g5 25. h4 f6 26. hxg5 fxg5 27. Be6 Rc5 28. Bf5 h6 29. Rd1 h5 30. Rh1 h4 31. Rd1 Rb5 32. Rd2 Ra5 33. a3 Rb5 34. Rc2 Rb3+ 35. Kc4 Rxf3 36. Kd5 d3 37. Rd2 Bf4 38. Rd1 d2 39. e5 Rxf2 40. e6 Kf6 41. Bg4 Rg2 42. Bh5 h3 43. e7 Kxe7 44. b4 h2 45. Rh1 Rg1 0-1


[Site "https://www.chess.com"]

[Event "Titled Tuesday Blitz January 17 Early 2023"]
[White "Manon-og, Ramon Jr."]
[Black "Md, Imran"]
[WhiteFideId "5200776"]
[BlackFideId "25748580"]
[WhiteElo "1999"]
[BlackElo "2284"]
[Result "0-1"]
[Round "02"]
[TimeControl "180+2"]
[Date "2023.01.17"]
[WhiteClock "0:00:43"]
[BlackClock "0:01:37"]

1. e4 c5 2. Nf3 g6 3. d4 cxd4 4. Nxd4 Bg7 5. Be2 Nc6 6. Nxc6 bxc6 7. O-O Nf6 8. Nc3 O-O 9. Bg5 d6 10. Qd2 Rb8 11. b3 Qa5 12. Rad1 Re8 13. a4 Nd7 14. Nb1 Qc7 15. Nc3 Qa5 16. Nb1 Qb6 17. Bh6 Bh8 18. Be3 Qc7 19. f4 Nc5 20. Bxc5 dxc5 21. f5 Be5 22. h3 Kg7 0-1


[Site "https://www.chess.com"]

[Event "Titled Tuesday Blitz January 17 Early 2023"]
[White "Zanette, Edgard Vinicius"]
[Black "Novikov, Evgenij"]
[WhiteFideId "2109263"]
[BlackFideId "4125380"]
[WhiteElo "2085"]
[BlackElo "2276"]
[Result "1-0"]
[Round "02"]
[TimeControl "180+2"]
[Date "2023.01.17"]
[WhiteClock "0:00:09"]
[BlackClock "0:00:26"]

1. e4 c5 2. Nf3 d6 3. d4 cxd4 4. Nxd4 Nf6 5. Nc3 a6 6. Bc4 e6 7. Bb3 Be7 8. Bg5 O-O 9. Qf3 Qc7 10. O-O-O Nc6 11. h4 Nxd4 12. Rxd4 b5 13. h5 h6 14. Be3 Bb7 15. g4 Nd7 16. g5 hxg5 17. h6 g6 18. Qg2 Qd8 19. h7+ Kh8 20. Rdd1 Nc5 21. Bxc5 dxc5 22. Rxd8 Rfxd8 23. a3 c4 24. Ba2 Bf6 25. Ne2 a5 26. c3 b4 27. Bxc4 bxa3 28. bxa3 Rac8 29. Ba2 Ba6 30. Qf3 Kg7 31. h8=Q+ Rxh8 32. Rxh8 Rxh8 33. Nd4 Rc8 34. Kb2 Rb8+ 35. Kc1 Rc8 36. Kd2 Rb8 37. Bxe6 Rb7 38. Bd5 Rd7 39. Nc6 Bb7 40. Kc2 Rc7 41. e5 Be7 42. Qxf7+ Kh6 43. Nxe7 Bxd5 44. Qxg6# 1-0


[Site "https://www.chess.com"]